 Dungeon Crawl Stone Soup version 0.26-a0-597-gb535b0901c (webtiles) character file.

Game seed: 4565674197083906588

818 Ge0ff the Spear-Bearer (level 7, -2/57 HPs)
             Began as a Grey Draconian Abyssal Knight on Aug 26, 2020.
             Was a Believer of Lugonu.
             Splashed with acid (12 damage)
             ... on level 5 of the Dungeon.
             The game lasted 00:09:53 (4262 turns).

Ge0ff the Spear-Bearer (DrAK)                       Turns: 4262, Time: 00:09:53

Health: -2/57      AC:  8    Str: 14    XL:     7   Next: 62%
Magic:  8/8        EV: 16    Int: 13    God:    Lugonu [**....]
Gold:   235        SH:  0    Dex: 12    Spells: 6/6 levels left

rFire    + . .     SeeInvis .   b - +0 hunting sling (vorpal)
rCold    + . .     Faith    .   (no shield)
rNeg     . . .     Spirit   .   (armour unavailable)
rPois    .         Reflect  .   (helmet restricted)
rElec    .         Harm     .   G - scarf {rC+ rF+}
rCorr    .                      Q - +0 pair of gloves
MR       .....                  (no boots)
Stlth    ++........             (no amulet)
HPRegen  0.19/turn              M - +4 ring of evasion
MPRegen  0.11/turn              J - +4 ring of slaying {=R}

@: corroded
A: walk through water, unfitting armour, unbreathing, cold-blooded, AC +11
a: Depart the Abyss, Bend Space, Renounce Religion


You were on level 5 of the Dungeon.
You worshipped Lugonu.
Lugonu was pleased with you.
You visited 2 branches of the dungeon, and saw 6 of its levels.
You visited the Abyss 1 time.

You collected 235 gold pieces.

Inventory:

Hand Weapons
 a - a +1 spear
 b - a +0 vorpal hunting sling (weapon)
 F - a +0 fustibalus
Missiles
 f - 100 stones
 O - 50 sling bullets (quivered)
 V - 24 poisoned darts
 Y - 2 boomerangs
Armour
 G - a scarf of resistance (worn)
 Q - a +0 pair of gloves (worn)
Jewellery
 J - a +4 ring of slaying (right hand) {=R}
 K - an uncursed ring of protection from cold
 M - a +4 ring of evasion (left hand)
Wands
 j - a wand of acid (10)
 x - a wand of random effects (12)
Scrolls
 C - 2 scrolls of remove curse
 I - a scroll of magic mapping {unknown}
 L - a scroll of noise {unknown}
 N - a scroll of blinking {unknown}
 P - a scroll of enchant armour {unknown}
 S - a scroll of immolation {unknown}
 T - 2 scrolls of teleportation
 Z - a scroll of enchant weapon {unknown}
Potions
 q - 6 potions of curing
 H - 2 potions of haste {!q}
 R - a potion of magic {unknown}
 U - a potion of invisibility {unknown}
 W - a potion of lignification {unknown}
 X - a potion of flight


   Skills:
 - Level 3.2 Fighting
 + Level 8.5 Polearms
 - Level 2.1 Dodging
 - Level 2.0 Stealth
 - Level 2.0 Invocations


You had 6 spell levels left.
You didn't know any spells.
Your spell library was empty.

Dungeon Overview and Level Annotations

Branches:
Dungeon (5/15)             Temple (1/1) D:5

Altars:
Okawaru
Uskayaw
Wu Jian

Annotations:
D:5 Prince Ribbit


Innate Abilities, Weirdness & Mutations

You can walk through water.
Your dull iron-grey scales are very hard. (AC +11)
You cannot fit into any form of body armour.
You can survive without breathing.
You are cold-blooded and may be slowed by cold attacks.


Message History

Press: ? - help, Shift-Dir - straight line, f - you That beam is likely to hit you.
Continue anyway?
The bolt of acid hits you but does no damage.
You are splashed with acid!
Evoke which item? (* to show all) (? for menu, Esc to quit)
Aiming: Corrosive Bolt
Press: ? - help, Shift-Dir - straight line, f - you That beam is likely to hit you.
Continue anyway?
The bolt of acid hits you! The acid corrodes you!
You are splashed with acid!
Evoke which item? (* to show all) (? for menu, Esc to quit)
Aiming: Corrosive Bolt
Press: ? - help, Shift-Dir - straight line, f - you That beam is likely to hit you.
Continue anyway?
The bolt of acid hits you!
* * * LOW HITPOINT WARNING * * *
The acid corrodes you!
You are splashed with acid!
You die...

...........##.##..........#
.....##.##.#...#..........#
.....#...#................#
...............#.##########
....#...##.#.##.....# . .
##.....#.....##.#
.......#.....##.#
....##.#.##...#.# .....
........@..# ....
....[.#...#..#
####.#...#.##.##.##
#.##.##.......# # ..
..###### #... ###


There were no monsters in sight!

Vanquished Creatures
  Pikel (D:5)
  An ogre (D:4)
  A lemure (D:5)
  2 hounds (D:4)
  An iguana (D:5)
  2 worker ants (D:4)
  2 hound skeletons (D:4)
  7 adders
  An ufetubus (D:5)
  An ooze (D:4)
  An adder skeleton (D:4)
  A worm (D:2)
  2 leopard geckos
  5 orcs
  3 giant cockroaches
  6 goblins
  6 hobgoblins
  6 jackals
  A quokka (D:2)
  2 ball pythons
  7 bats
  5 frilled lizards
  7 kobolds
  A leopard gecko skeleton (D:4)
  6 rats
78 creatures vanquished.

Notes
Turn   | Place    | Note
-------+----------+-------------------------------------------
     0 | Abyss:1  | Ge0ff the Draconian Abyssal Knight began the quest for the
                  | Orb.
     0 | Abyss:1  | Reached XP level 1. HP: 19/19 MP: 2/2
    46 | Abyss:1  | Noticed a large abomination
    47 | Abyss:1  | Noticed a large abomination
    81 | Abyss:1  | Noticed a spatial vortex
    81 | Abyss:1  | Noticed a spatial vortex
    83 | Abyss:1  | Noticed a wretched star
   119 | Abyss:1  | Noticed a worldbinder
   124 | Abyss:1  | Noticed a large abomination
   140 | D:1      | Escaped the Abyss
   724 | D:1      | Reached * piety under Lugonu
   793 | D:1      | Reached XP level 2. HP: 26/26 MP: 3/3
  1020 | D:1      | Reached skill level 3 in Polearms
  1560 | D:2      | Reached XP level 3. HP: 31/31 MP: 4/4
  1564 | D:2      | Reached skill level 1 in Stealth
  2102 | D:3      | Reached ** piety under Lugonu
  2125 | D:3      | Reached XP level 4. HP: 38/38 MP: 5/5
  2168 | D:3      | Found a hide-covered altar of Uskayaw.
  2168 | D:3      | Noticed a +0 hand axe
  2168 | D:3      | Noticed a +0 dagger
  2262 | D:3      | Reached skill level 4 in Polearms
  2496 | D:3      | Found an ornate altar of the Wu Jian Council.
  2873 | D:4      | Found an iron altar of Okawaru.
  2881 | D:4      | Reached XP level 5. HP: 45/45 MP: 6/6
  3025 | D:4      | Reached skill level 5 in Polearms
  3353 | D:4      | Noticed an ogre
  3360 | D:4      | Killed an ogre
  3441 | D:4      | Reached skill level 6 in Polearms
  3441 | D:4      | Reached XP level 6. HP: 42/51 MP: 7/7
  4036 | D:5      | Entered Level 5 of the Dungeon
  4036 | D:5      | Found a staircase to the Ecumenical Temple.
  4087 | Temple   | Entered the Ecumenical Temple
  4137 | D:5      | Noticed Pikel
  4204 | D:5      | Killed Pikel
  4204 | D:5      | Reached skill level 8 in Polearms
  4204 | D:5      | Your scales start taking on a dull iron-grey colour.
  4204 | D:5      | Reached XP level 7. HP: 57/57 MP: 8/8
  4204 | D:5      | Gained mutation: You can survive without breathing. [Grey
                  | Draconian growth]
  4254 | D:5      | Noticed Prince Ribbit
  4262 | D:5      | Splashed with acid

Illustrated notes

Levels and vault maps discovered:
D:1:      sevenhm_arrival_forest_fort_large_2, layout_loops_ring
D:2:      layout_loops_cross
D:3:      layout_basic, dancing_weapons_uskayaw, nicolae_overflow_hidden_temple
D:4:      layout_basic, okawaru_ov_weapons_minmay
D:5:      layout_basic, minitemple, minmay_temple_entry_crystal_x,
          hangedman_decor_clover_reticule, uniq_prince_ribbit1, uniq_pikel,
          uniq_duvessa, uniq_edmund
Temple:   nicolae_temple_elliptical

Skill      XL: |  1  2  3  4  5  6 |
---------------+-------------------+-----
Polearms       | 3 4 6 8 |  8.5
Stealth        | 1 2 |  2.0
Fighting       | |  3.2
Dodging        | |  2.1
Invocations    | |  2.0

Action                   |  1- 3 |  4- 6 |  7- 9 || total
-------------------------+-------+-------+-------++-------
Melee: Spear             |    86 |    48 |       ||   134
       Tailslap          |     8 |     2 |       ||    10
 Fire: Hunting sling     |       |    76 |       ||    76
Throw: Stone             |    41 |    11 |       ||    52
Invok: Depart the Abyss  |     1 |       |       ||     1
Evoke: Wand              |       |     1 |     3 ||     4
  Use: Scroll            |     2 |     3 |       ||     5
 Stab: Sleeping          |       |     2 |       ||     2
Armor: Skin              |    11 |    23 |     2 ||    36
Dodge: Dodged            |    30 |    65 |       ||    95

Table legend: (Time is in decaauts)
 A = Elapsed time spent in this place.
 B = Non-inter-level travel time spent in this place.
 C = Inter-level travel time spent in this place.
 D = Time resting spent in this place.
 E = Time spent auto-exploring this place.
 F = Levels seen in this place.
 G = Mean time per level.
                   A        B        C        D        E       F      G
               +--------+--------+--------+--------+--------+-----+--------+
         Total |   4267 |   3991 |    276 |    113 |   2963 |   7 |  609.6 |
       Dungeon |   4125 |   3849 |    276 |    113 |   2963 |   5 |  825.0 |
        Temple |      1 |      1 |      0 |      0 |      0 |   1 |    1.0 |
         Abyss |    140 |    140 |      0 |      0 |      0 |   1 |  140.0 |
               +--------+--------+--------+--------+--------+-----+--------+

Top non-repeatable levels by time:
     D:1: 1286 daAuts
     D:4: 1210 daAuts
     D:3: 739 daAuts
     D:2: 661 daAuts
     D:5: 229 daAuts
 Abyss:1: 140 daAuts
  Temple: 1 daAuts
